 Dungeon Crawl Stone Soup version 0.29.0-13-gc9e81de378 (webtiles) character file.

Game seed: 819017213305269494

50 xian the Firebug (level 3, -3/26 HPs)
             Began as a Draconian Fire Elementalist on Sept 9, 2022.
             Frozen to death by an endoplasm (4 damage)
             ... on level 2 of the Dungeon.
             The game lasted 00:03:41 (2223 turns).

xian the Firebug (Draconian Fire Elementalist)      Turns: 2223, Time: 00:03:41

Health: -3/26      AC:  5    Str: 10    XL:     3   Next: 55%
Magic:  1/6        EV: 10    Int: 17    God:
Gold:   44         SH:  7    Dex: 11    Spells: 3/6 levels left

rFire   . . .      SeeInvis .   b - +0 short sword
rCold   . . .      Faith    .   c - +0 kite shield
rNeg    . . .      Spirit   .   (body armour unavailable)
rPois   .          Reflect  .   (helmet restricted)
rElec   .          Harm     .   (no cloak)
rCorr   .          Rampage  .   (no gloves)
Will    .....                   (no boots)
Stlth   ++........              (no amulet)
HPRegen 0.08/turn               (no ring)
MPRegen 0.10/turn               (no ring)

@: lethally poisoned (-3 -> -9)
A: AC +5, unfitting armour, cold-blooded
a: no special abilities


You were on level 2 of the Dungeon.
You visited 1 branch of the dungeon, and saw 2 of its levels.

You collected 44 gold pieces.

Inventory:

Hand Weapons
 b - a +0 short sword (weapon)
Missiles
 f - 3 poisoned darts
Armour
 c - a +0 kite shield (worn)
Scrolls
 d - 5 scrolls of identify {unknown}
 e - a scroll of immolation {unknown}
Potions
 a - 3 potions of curing {unknown}


   Skills:
 + Level 2.4 Dodging
 + Level 1.9 Stealth
 * Level 1.0 Shields
 + Level 2.2 Spellcasting
 + Level 1.4 Conjurations
 + Level 3.4 Fire Magic


You had 3 spell levels left.
You knew the following spells:

 Your Spells              Type           Power      Damage    Failure   Level
a - Foxfire               Conj/Fire      40%        2x1d6     24%         1
b - Scorch                Fire           26%        2d6       24%         2

Your spell library contained the following spells:

 Spells                   Type           Power      Damage    Failure   Level
 Conjure Flame            Conj/Fire      10%        6-21      56%         3
 Inner Flame              Hex/Fire       7%         N/A       67%         3
 Ignite Poison            Fire/Tmut/Pois 5%         N/A       77%         3
 Mephitic Cloud           Conj/Pois/Air  3%         N/A       85%         3
 Flame Wave               Conj/Fire      10%        2d6       93%         4
 Airstrike                Air            0%         2d(1-17)  100%        4
 Summon Lightning Spire   Summ/Air       1%         N/A       100%        4
 Freezing Cloud           Conj/Ice/Air   1%         6-21      100%        5
 Lightning Bolt           Conj/Air       2%         1d13      100%        5


Dungeon Overview and Level Annotations

Branches:
Dungeon (2/15)

Altars:


Innate Abilities, Weirdness & Mutations

Your plain brown scales are hard. (AC +5)
You cannot fit into any form of body armour.
You are cold-blooded and may be slowed by cold attacks.


Message History

You kill the quokka!
The foxfire hits the adder.
The adder is moderately wounded.
The adder bites you but does no damage.
You hit the adder but do no damage.
The adder is moderately wounded.
You block the adder's attack. The adder bites you.
You hit the adder.
Your tail-slap misses the adder.
The adder is severely wounded.
You block the adder's attack. The hobgoblin hits you.
The adder bites you but does no damage.
Unknown command.
You barely miss the adder.
The adder is severely wounded.
You block the hobgoblin's attack. You block the adder's attack.
The hobgoblin hits you but does no damage.
You hit the adder but do no damage.
The adder is severely wounded.
You block the adder's attack. The adder bites you.
You are poisoned.
The adder poisons you! The hobgoblin closely misses you.
You closely miss the adder.
The adder is severely wounded.
You feel sick. You block the adder's attack. The hobgoblin hits you.
The adder bites you.
* * * LOW HITPOINT WARNING * * *
You are lethally poisoned!
The adder poisons you!
You closely miss the adder. You tail-slap the adder.
You kill the adder!
* * * LOW HITPOINT WARNING * * *
You feel very sick. You block the hobgoblin's attack.
The endoplasm closely misses you. You block the hobgoblin's attack.
You barely miss the endoplasm.
* * * LOW HITPOINT WARNING * * *
You feel sick. The endoplasm freezes you.
You are frozen.
You die...

≈≈≈§§≈## #.#
#.#...#######
§..§§≈≈## #.#
#............
...§§.≈≈# #.#
###...######.#
..§....≈###.#
#..........#
≈§.≈..J§§.#.##
#.#.######..
...≈...≈##...# #.#.#
.§§≈...≈#.#..#####.#.#
.)§≈..≈≈###....g.....#
.≈§≈..≈## ##..rJ@..###
≈.§..≈≈# #########
....§≈## ..≈§≈#


You could see an endoplasm, a hobgoblin and a rat.

Vanquished Creatures
  An adder (D:2)
  6 endoplasms (D:1)
  3 goblins (D:1)
  A hobgoblin (D:2)
  7 jackals (D:1)
  2 kobolds (D:1)
  A quokka (D:2)
  4 ball pythons
  4 bats (D:1)
  5 frilled lizards (D:1)
  5 rats (D:1)
39 creatures vanquished.

Vanquished Creatures (others)
  77 foxfires
77 creatures vanquished.

Grand Total: 116 creatures vanquished

Notes
Turn   | Place    | Note
-------+----------+-------------------------------------------
     0 | D:1      | xian the Draconian Fire Elementalist began the quest for
                  | the Orb.
     0 | D:1      | Reached XP level 1. HP: 14/14 MP: 3/3
   409 | D:1      | Reached XP level 2. HP: 16/20 MP: 0/5
   480 | D:1      | Learned a level 2 spell: Scorch
   708 | D:1      | Reached skill level 1 in Shields
  1062 | D:1      | Found a faded altar of an unknown god.
  1450 | D:1      | Reached XP level 3. HP: 10/26 MP: 3/6
  2223 | D:2      | HP: 1/26 [poisoned by an adder]
  2223 | D:2      | Frozen to death by an endoplasm

Illustrated notes

Levels and vault maps discovered:
D:1:      kennysheep_arrival_seaside, layout_loops_ring,
          hellmonk_ecumenical_altar_slurped_away, minmay_3d_cube
D:2:      layout_loops_ring, kennysheep_potato

Skill      XL: |  1  2 |
---------------+-------+-----
Dodging        | 2 |  2.4
Shields        | 1 |  1.0
Stealth        | |  1.9
Spellcasting   | |  2.2
Conjurations   | |  1.4
Fire Magic     | |  3.4

Action                   || total
-------------------------++-------
Melee: Short sword       ||    58
       Unarmed           ||    10
       Tailslap          ||     9
 Cast: Foxfire           ||    53
  Use: Potion            ||     1
 Stab: Sleeping          ||     2
Armor: Skin              ||    61
Dodge: Dodged            ||    76
Block: Kite shield       ||    80
